 Dungeon Crawl Stone Soup version 0.29-a0-11-ga75d3d97ab (webtiles) character file.

Game seed: 5165647648684284642

2083 Orangeyouglad the Skirmisher (level 9, -1/68 (71) HPs)
             Began as a Human Delver on Jan 29, 2022.
             Was a Follower of Makhleb.
             Slain by a howler monkey (3 damage)
             ... while paralysed by a hornet
             ... on level 7 of the Dungeon.
             The game lasted 00:34:27 (13445 turns).

Orangeyouglad the Skirmisher (Human Delver)        Turns: 13445, Time: 00:34:28

HP:   -1/68 (71)    AC:  4    Str: 18    XL:     9   Next: 51%
MP:   12/12         EV:  2    Int: 10    God:    Makhleb [*.....]
Gold: 319           SH:  0    Dex: 14    Spells: 8/8 levels left

rFire   . . .      SeeInvis .   C - +3 short sword
rCold   . . .      Faith    .   r - +2 kite shield
rNeg    . . .      Spirit   .   b - +0 leather armour
rPois   .          Reflect  .   (no helmet)
rElec   .          Harm     .   (no cloak)
rCorr   .          Rampage  .   k - +0 pair of gloves
Will    .....                   (no boots)
Stlth   +++.......              (no amulet)
HPRegen 0.21/turn               (no ring)
MPRegen 0.13/turn               (no ring)

@: paralysed, lethally poisoned (-1 -> -21), slowed, lightly drained
A: no striking features
a: Renounce Religion


You were on level 7 of the Dungeon.
You worshipped Makhleb.
Makhleb was aware of your devotion.
You visited 1 branch of the dungeon, and saw 7 of its levels.

You collected 319 gold pieces.

Inventory:

Hand Weapons
 a - a +0 falchion
 C - a +3 short sword (weapon)
 D - a +2 flail of protection
Missiles
 F - 4 boomerangs (quivered)
Armour
 b - a +0 leather armour (worn)
 f - a +0 scale mail
 k - a +0 pair of gloves (worn)
 r - a +2 kite shield (worn)
 B - a +0 ring mail
Jewellery
 x - an amulet of reflection
 y - a ring of positive energy
Wands
 g - a wand of digging (3)
 G - a wand of polymorph (5)
Scrolls
 d - 2 scrolls of magic mapping
 h - a scroll of silence {unknown}
 i - 4 scrolls of noise
 m - a scroll of vulnerability {unknown}
 n - 5 scrolls of identify
 o - a scroll of blinking {unknown}
 q - a scroll of summoning {unknown}
 s - 2 scrolls of fog
 u - a scroll of teleportation {unknown}
 A - a scroll of immolation {unknown}
 E - a scroll of enchant weapon {unknown}
Potions
 j - a potion of degeneration {unknown}
 l - a potion of brilliance {unknown}
 p - 2 potions of attraction {unknown}
 t - 3 potions of lignification {unknown}
 v - 2 potions of flight {unknown}
 w - a potion of curing
 z - a potion of cancellation {unknown}
 H - a potion of might {unknown}


   Skills:
 + Level 6.4 Fighting
 - Level 2.0 Long Blades
 + Level 4.5 Armour
 + Level 6.1 Dodging
 - Level 6.0 Stealth
 + Level 4.2 Shields
 + Level 5.0 Invocations


You had 8 spell levels left.
You didn't know any spells.
Your spell library was empty.

Dungeon Overview and Level Annotations

Branches:
Dungeon (7/15)             Temple (0/1) D:5

Altars:
Makhleb

Shops:
D:7 (


Message History

A howler monkey comes into view.
The hornet stings you.
You feel yourself slow down.
You puncture the hornet!
The hornet is severely wounded.
You feel yourself speed up. You block the hornet's attack.
The hornet stings you!
You are poisoned.
You feel yourself slow down. You block the hornet's attack.
You completely miss the hornet.
The hornet is severely wounded.
You feel very sick. The hornet misses you. The hornet stings you.
You feel as though you will be slow longer.
You hit the hornet but do no damage.
The hornet is almost dead.
You feel very sick. The hornet stings you!
You suddenly lose the ability to move!
The hornet stings you.
You are more poisoned.
You feel as though you will be slow longer.
The howler monkey hits you. The hornet stings you.
* * * LOW HITPOINT WARNING * * *
You feel as though you will be slow longer.
The howler monkey hits you.
* * * LOW HITPOINT WARNING * * *
* * * LOW HITPOINT WARNING * * *
You feel very sick. The hornet stings you.
* * * LOW HITPOINT WARNING * * *
You are lethally poisoned!
You feel as though you will be slow longer.
The howler monkey barely misses you. The hornet stings you.
* * * LOW HITPOINT WARNING * * *
You shrug off the repeated paralysis!
* * * LOW HITPOINT WARNING * * *
You feel very sick.
You kill the hornet!
Makhleb accepts your kill. The howler monkey hits you.
You die...

##..##........##. ###
#####...#..>.....####
##.######.......###.......##.
###...............##..###......
#.......##......<####.#.....#..
##.....####....####.........#..
##...##).##....####........#..
###...##..##...h...#...........
#......#''#...@##..............
#..............................
#........(....^................
##.....(.......................
#...................#...#.....
##...(..........####... #.....
###...............# ##... #....#
#.................#.#....##.....
#.....##..................#...##


You could see a howler monkey.

Vanquished Creatures
  A hornet (D:7)
  4 ogres
  3 necrophages
  An ice beast (D:6)
  2 centaurs
  A phantom (D:4)
  An elf zombie (D:5)
  A bullfrog (D:7)
  A wyvern zombie (D:7)
  2 elf skeletons (D:5)
  A water moccasin skeleton (D:4)
  A howler monkey (D:5)
  A bullfrog zombie (D:6)
  A centaur zombie (D:6)
  A human zombie (D:5)
  4 orc priests
  3 hounds
  A jelly (D:5)
  A bullfrog skeleton (D:6)
  Jessica (D:2)
  A human skeleton (D:5)
  Natasha (thrice) (D:2)
  2 orc wizards
  A howler monkey zombie (D:7)
  4 gnolls (D:7)
  A howler monkey skeleton (D:6)
  4 adders
  A shadow imp (D:5)
  An ufetubus (D:6)
  2 worms
  2 dart slugs
  14 orcs
  5 ball pythons
  11 endoplasms
  2 giant cockroaches (D:2)
  6 goblins
  9 hobgoblins
  10 jackals
  12 kobolds
  3 quokkas
  8 bats
  5 frilled lizards
  An orc skeleton (D:5)
  11 rats
151 creatures vanquished.

Vanquished Creatures (others)
  2 plants (D:5)
2 creatures vanquished.

Grand Total: 153 creatures vanquished

Notes
Turn   | Place    | Note
-------+----------+-------------------------------------------
     0 | D:5      | Orangeyouglad the Human Delver began the quest for the Orb.
     0 | D:5      | Reached XP level 1. HP: 18/18 MP: 1/1
    41 | D:2      | Noticed Natasha
   149 | D:1      | Reached XP level 2. HP: 10/24 MP: 2/2
   404 | D:1      | Reached XP level 3. HP: 21/29 MP: 3/3
  1523 | D:2      | Noticed Jessica
  1692 | D:2      | Reached XP level 4. HP: 36/36 MP: 4/4
  1819 | D:2      | Noticed a black bear
  2356 | D:3      | Found a burning altar of Makhleb.
  2813 | D:3      | Noticed a floating eye
  2815 | D:3      | Found a faded altar of an unknown god.
  2826 | D:3      | Noticed an eye of devastation
  2826 | D:3      | Noticed a great orb of eyes
  2826 | D:3      | Noticed an eye of devastation
  3188 | D:2      | Killed Jessica
  3189 | D:2      | Reached XP level 5. HP: 42/42 MP: 5/5
  3326 | D:2      | Killed Natasha
  3636 | D:2      | Noticed Natasha
  3642 | D:2      | Killed Natasha
  4260 | D:3      | Became a worshipper of Makhleb the Destroyer
  4289 | D:4      | Reached XP level 6. HP: 45/48 MP: 6/6
  4428 | D:4      | Noticed a necrophage
  4519 | D:4      | Noticed an ogre
  4530 | D:4      | Killed an ogre
  4531 | D:4      | Reached skill level 1 in Armour
  4531 | D:4      | Reached skill level 1 in Invocations
  5304 | D:4      | Reached XP level 7. HP: 46/55 MP: 8/8
  5847 | D:5      | Reached skill level 1 in Shields
  6048 | D:4      | Reached skill level 5 in Fighting
  7148 | D:5      | Reached XP level 8. HP: 24/62 MP: 10/10
  7772 | D:5      | Found a staircase to the Ecumenical Temple.
  8764 | D:5      | Reached skill level 5 in Dodging
 10213 | D:6      | Reached XP level 9. HP: 69/69 MP: 12/12
 11665 | D:6      | Reached * piety under Makhleb
 12304 | D:2      | Noticed Natasha
 12352 | D:2      | Killed Natasha
 12637 | D:7      | Reached skill level 5 in Invocations
 12921 | D:7      | Found Loulalo's Antique Weapon Boutique.
 12989 | D:7      | Noticed a hornet
 13443 | D:7      | Paralysed by a hornet for 3 turns
 13445 | D:7      | HP: 2/68 [poisoned by a hornet]
 13445 | D:7      | Killed a hornet
 13445 | D:7      | Slain by a howler monkey

Illustrated notes

Levels and vault maps discovered:
D:1:      dpeg_arrival_shrine, layout_loops_ring, chequers_serial_rivers_large_a
D:2:      layout_loops_ring, uniq_natasha, uniq_jessica
D:3:      wander_river, layout_basic, overflow_temple_1_default,
          hellmonk_ecumenical_altar_watching_god
D:4:      layout_basic, serial_curves, eino_curves_01, eino_curves_04,
          eino_curves_02, hangedman_decor_growths, palyth_stone_intersect
D:5:      layout_loops_corners, minmay_temple_entry_gardened_gates,
          cheibrodos_sewer_entry_bend, nicolae_ossuary_entry_catacombs
D:6:      layout_loops_corners, hex_large
D:7:      layout_cave_pools, serial_gnoll_camp, gnoll_camp_huts_basic,
          gnoll_camp_mini_shop, gnoll_camp_mini_hut, gnoll_camp_medium_01,
          gnoll_camp_mini_hut

Skill      XL: |  1  2  3  4  5  6  7  8  9 |
---------------+----------------------------+-----
Dodging        | 3 4 5 6 |  6.1
Fighting       | 4 5 6 |  6.4
Stealth        | 6 |  6.0
Armour         | 1 2 3 4 |  4.5
Invocations    | 1 3 4 5 |  5.0
Shields        | 1 3 4 |  4.2
Long Blades    | |  2.0

Action                   |  1- 3 |  4- 6 |  7- 9 || total
-------------------------+-------+-------+-------++-------
Melee: Falchion          |    95 |   200 |   196 ||   491
       Punch             |     2 |     3 |       ||     5
       Short sword       |       |       |   248 ||   248
       Unarmed           |       |       |     1 ||     1
Throw: Boomerang         |    41 |       |       ||    41
       Dart              |       |    33 |    58 ||    91
       Throwing net      |       |     2 |       ||     2
  Use: Scroll            |       |     2 |     6 ||     8
       Potion            |       |       |     4 ||     4
 Stab: Sleeping          |     4 |     4 |     3 ||    11
       Distracted        |       |       |     1 ||     1
Armor: Leather armour    |    42 |    62 |    94 ||   198
Dodge: Dodged            |    92 |   165 |   207 ||   464
Block: Kite shield       |       |    13 |   236 ||   249

Table legend: (Time is in decaauts)
 A = Elapsed time spent in this place.
 B = Non-inter-level travel time spent in this place.
 C = Inter-level travel time spent in this place.
 D = Time resting spent in this place.
 E = Time spent auto-exploring this place.
 F = Levels seen in this place.
 G = Mean time per level.
                   A        B        C        D        E       F      G
               +--------+--------+--------+--------+--------+-----+--------+
         Total |  13727 |  12817 |    910 |   3807 |   4859 |   7 | 1961.0 |
       Dungeon |  13727 |  12817 |    910 |   3807 |   4859 |   7 | 1961.0 |
               +--------+--------+--------+--------+--------+-----+--------+

Top non-repeatable levels by time:
     D:5: 3410 daAuts
     D:6: 2624 daAuts
     D:4: 2142 daAuts
     D:1: 1687 daAuts
     D:2: 1666 daAuts
     D:3: 1628 daAuts
     D:7: 568 daAuts
